 Dungeon Crawl Stone Soup version 0.30-a0-802-gb92711bcdf (webtiles) character file.

Game seed: 14936437234083663110

17236 Dittersdorf the Blocker (level 12, -14/80 HPs)
             Began as a Gargoyle Fighter on Feb 24, 2023.
             Was a High Priest of Okawaru.
             Demolished by Rupert
             ... wielding a +3 triple sword of holy wrath
              (28 damage)
             ... on level 2 of the Lair of Beasts.
             The game lasted 00:19:54 (12098 turns).

Dittersdorf the Blocker (Gargoyle Fighter)         Turns: 12098, Time: 00:19:54

Health: -14/80     AC: 29    Str: 27    XL:     12   Next: 45%
Magic:  12/12      EV: 12    Int:  9    God:    Okawaru [*****.]
Gold:   860        SH:  0    Dex:  9    Spells: 11/11 levels left

rFire   . . .      SeeInvis .    a - +0 flail
rCold   . . .      Faith    .    d - +2 kite shield
rNeg    + . .      Spirit   .    w - +3 chain mail
rPois   ∞          Reflect  .    (no helmet)
rElec   +          Harm     .    n - +0 cloak
rCorr   +          Rampage  .    Q - +1 pair of gloves of Okawaru's Wrath {Str+2 Stlth+}
Will    .....                    l - +0 pair of boots Stlth
                                 k - amulet of regeneration
HPRegen 1.13/turn                j - ring of resist corrosion
MPRegen 0.13/turn                F - +5 ring of evasion

@: confused, studying Polearms
A: sickness immunity, AC +8, negative energy resistance 1, electricity
resistance, torment resistance 1, petrification resistance
a: Renounce Religion, Heroism, Finesse, Duel


You were on level 2 of the Lair of Beasts.
You worshipped Okawaru.
Okawaru was extremely pleased with you.
You visited 3 branches of the dungeon, and saw 14 of its levels.

You collected 957 gold pieces.
You spent 97 gold pieces at shops.

Inventory:

Hand Weapons
 a - a +0 flail (weapon)
Missiles
 z - 2 throwing nets
 O - a curare-tipped dart (quivered)
Armour
 d - a +2 kite shield (worn)
 l - a +0 pair of boots (worn)
 n - a +0 cloak (worn)
 w - a +3 chain mail (worn)
 Q - the +1 pair of gloves of Okawaru's Wrath (worn) {Str+2 Stlth+}
   (Okawaru gifted it to you on level 2 of the Lair of Beasts)

   Str:       It affects your strength (+2).
   Stlth:     It makes you more stealthy.
Jewellery
 b - a ring of positive energy
 j - a ring of resist corrosion (left hand)
 k - an amulet of regeneration (around neck)
 u - a +6 ring of strength
 F - a +5 ring of evasion (right hand)
 N - a ring of ice
Wands
 x - a wand of flame (34)
 G - a wand of digging (5)
 H - a wand of roots (7)
Scrolls
 g - 2 scrolls of vulnerability {unknown}
 h - 2 scrolls of poison {unknown}
 i - 3 scrolls of enchant weapon
 m - a scroll of amnesia {unknown}
 o - 2 scrolls of blinking
 r - 2 scrolls of enchant armour {unknown}
 y - 4 scrolls of teleportation {unknown}
 D - 2 scrolls of magic mapping
 E - a scroll of butterflies {unknown}
 J - a scroll of fog {unknown}
 K - a scroll of noise {unknown}
 M - 2 scrolls of immolation {unknown}
Potions
 c - a potion of magic {unknown}
 e - 2 potions of brilliance {unknown}
 f - a potion of curing
 p - 3 potions of heal wounds
 q - 3 potions of ambrosia
 t - 2 potions of berserk rage {unknown}
 v - a potion of flight
 A - 3 potions of cancellation
 B - 3 potions of mutation
 C - a potion of haste
 I - 2 potions of attraction {unknown}
 L - a potion of invisibility
 P - a potion of lignification {unknown}


   Skills:
 + Level 11.5 Fighting
 + Level 10.3 Maces & Flails
 + Level 11.5 Armour
 + Level 11.6 Shields


You had 11 spell levels left.
You didn't know any spells.
Your spell library contained the following spells:

 Spells                   Type           Power      Damage    Failure   Level
 Freeze                   Ice            0%         1d3       98%         1
 Kiss of Death            Conj/Necr      0%         2d5       98%         1
 Shock                    Conj/Air       0%         1d3       98%         1
 Confusing Touch          Hex            0%         N/A       100%        3
 Dazzling Flash           Conj/Hex       0%         N/A       100%        3
 Frozen Ramparts          Ice            0%         1d1       100%        3
 Hailstorm                Conj/Ice       0%         3d3       100%        3
 Stone Arrow              Conj/Erth      0%         3d7       100%        3
 Swiftness                Air            0%         N/A       100%        3
 Airstrike                Air            0%         2d(0-16)  100%        4
 Dispel Undead            Necr           0%         3d6       100%        4
 Fulminant Prism          Conj/Hex       0%         3d5       100%        4
 Ice Form                 Ice/Tmut       0%         N/A       100%        4
 Storm Form               Tmut/Air       0%         N/A       100%        7
 Lehudib's Crystal Spear  Conj/Erth      0%         10d2      100%        8
 Maxwell's Capacitive Co  Air            0%         ∞         100%        8
 Animate Armour           Summ/Erth      Unusable   N/A       N/A         4
 Summon Ice Beast         Ice/Summ       Unusable   N/A       N/A         4
 Summon Lightning Spire   Summ/Air       Unusable   N/A       N/A         4

Dungeon Overview and Level Annotations

Branches:
Dungeon (10/15)            Temple (1/1) D:4            Lair (3/5) D:8
 Shoals (0/4) Lair:2
  Snake: Lair:2-3    Spider: Lair:2-3       Orc: D:9-12

Altars:
Ashenzari
Cheibriados
Dithmenos
Elyvilon
Fedhas
Gozag
Hepliaklqana
Kikubaaqudgha
Makhleb
Nemelex Xobeh
Okawaru
Qazlal
Ru
Sif Muna
Trog
Uskayaw
Vehumet
Wu Jian
Xom
Yredelemnul
Zin
The Shining One

Shops:
D:5 =?[:   D:8 *

Annotations:
D:10 2 transporters
Lair:2 3 runed translucent doors, Rupert; bmack86's ghost, journeyman MiFi


Innate Abilities, Weirdness & Mutations

You are immune to sickness and miasma.
Your stone body is resilient. (AC +8)
You are immune to poison.
You resist negative energy. (rN+)
You are resistant to electric shocks. (rElec)
You are resistant to unholy torment.
You are immune to petrification.


Message History

You feel better.
Rupert asks, "You're a monster, aren't you?"
Rupert roars wildly at you.
You struggle to resist.
You feel better.
Rupert hits you with a +3 triple sword of holy wrath!
You feel better. Rupert hits you but does no damage.
You feel better.
Rupert hits you with a +3 triple sword of holy wrath!
You are confused.
You feel invigorated. Rupert hits you but does no damage.
Non-targeted confused throw: dart (curare)
Press: ? - help, Q - select action, (/) - cycle Dir - look around, f - activate
Okay, then.
You closely miss Rupert.
Rupert is lightly wounded.
Rupert hits you with a +3 triple sword of holy wrath.
You bump into the rock wall.
Rupert hits you with a +3 triple sword of holy wrath.
You bump into the rock wall.
Rupert roars wildly at you.
You are more confused.
You barely miss Rupert.
Rupert is lightly wounded.
Rupert roars madly and goes into a rage!
Rupert goes berserk!
You bump into the rock wall.
Rupert hits you with a +3 triple sword of holy wrath.
Rupert hits you with a +3 triple sword of holy wrath!!
You sock Rupert!
Rupert is moderately wounded.
Rupert completely misses you.
Rupert hits you with a +3 triple sword of holy wrath! x2
* * * LOW HITPOINT WARNING * * *
You bump into the rock wall.
You feel less invigorated.
Rupert hits you with a +3 triple sword of holy wrath!
* * * LOW HITPOINT WARNING * * *
You're too confused to move!
Rupert hits you with a +3 triple sword of holy wrath!!
You die...

#P#.#......### ##........#####
########...# ####..........#..#
###.## #..............### #[..##
#..............P#.
##...####..............#.
##...###..........<...##
#..###............#.### #
###......>....#.#.P#####. ####
#.....#.@@..........P.P#.
...######...####.####.#..........
....##....### ### #####.####...
.#.......## #.# ##.. ####.....#
### ##. ##.#.## #.. ##..# ##.
##.#### ## # #P..#.# #


You could see Rupert (berserk).

Vanquished Creatures
  Fannar (Lair:1)
  A catoblepas (Lair:1)
  6 elephants (Lair:2)
  2 black mambas
  4 merfolk sirens (Lair:2)
  Maurice (D:10)
  A komodo dragon (Lair:1)
  2 cane toads
  A troll (D:9)
  A hornet (D:9)
  A queen bee (Lair:1)
  Prince Ribbit (D:5)
  4 blink frogs (Lair:2)
  Sigmund (D:4)
  A vampire (D:9)
  6 yaks
  3 wyverns
  A wraith (D:10)
  A basilisk (D:8)
  4 steam dragons
  2 vampire mosquitoes (D:10)
  12 water moccasins
  An ice beast (D:7)
  3 orc warriors
  2 sky beasts
  A swamp drake (D:8)
  A black bear (D:7)
  2 ogres
  3 wolves
  3 centaurs
  The ghost of tarna41 the Sneak, an amateur KoBr of Nemelex Xobeh (D:3)
  3 phantoms
  Blork the orc (D:5)
  A gnoll sergeant (D:3)
  4 bullfrogs
  A kobold brigand (D:10)
  3 necrophages
  2 scorpions
  The ghost of asti the Chopper, a weakling MiBe of Trog (D:4)
  39 killer bees
  4 howler monkeys (D:8)
  An electric eel (D:8)
  A gnoll bouda (D:6)
  3 orc priests (D:6)
  4 hounds
  Jessica (D:3)
  2 iguanas (D:5)
  Ijyb (D:5)
  10 orc wizards
  Natasha (twice) (D:4)
  13 adders
  9 gnolls
  2 shadow imps (D:6)
  2 white imps
  An ufetubus (D:6)
  3 adder zombies (D:2)
  2 adder skeletons (D:2)
  A worm (D:4)
  2 dart slugs (D:2)
  28 orcs
  7 ball pythons
  3 bat skeletons (D:2)
  A bat zombie (D:2)
  9 endoplasms
  4 giant cockroaches
  6 goblins
  6 hobgoblins
  5 jackals
  11 kobolds
  A quokka (D:4)
  5 bats
  3 frilled lizards
  A jackal zombie (D:2)
  A quokka zombie (D:2)
  2 rats (D:2)
286 creatures vanquished.

Vanquished Creatures (others)
  An orc (D:8)
  4 fungi (Lair:2)
  12 plants
  3 withered plants
20 creatures vanquished.

Grand Total: 306 creatures vanquished

Notes
Turn   | Place    | Note
-------+----------+-------------------------------------------
     0 | D:1      | Dittersdorf the Gargoyle Fighter began the quest for the
                  | Orb.
     0 | D:1      | Reached XP level 1. HP: 14/14 MP: 1/1
    81 | D:1      | Reached XP level 2. HP: 18/19 MP: 2/2
   868 | D:2      | Reached XP level 3. HP: 20/24 MP: 3/3
  1012 | D:2      | Reached XP level 4. HP: 24/29 MP: 4/4
  1755 | D:3      | Noticed Jessica
  1758 | D:3      | Killed Jessica
  1759 | D:3      | Reached XP level 5. HP: 33/33 MP: 5/5
  2220 | D:3      | Found a white marble altar of Elyvilon.
  2412 | D:3      | Found a transporter.
  2413 | D:3      | Noticed tarna41's ghost (amateur KoBr)
  2418 | D:3      | Found a transporter.
  2544 | D:3      | Found a faded altar of an unknown god.
  2557 | D:3      | Found a hazy altar of Hepliaklqana.
  2814 | D:3      | Killed tarna41's ghost
  2815 | D:3      | Reached XP level 6. HP: 35/39 MP: 6/6
  2981 | D:3      | Reached skill level 5 in Shields
  3047 | D:4      | Noticed Natasha
  3065 | D:4      | Killed Natasha
  3066 | D:4      | Reached skill level 5 in Fighting
  3066 | D:4      | Reached skill level 5 in Armour
  3118 | D:4      | Reached XP level 7. HP: 44/44 MP: 7/7
  3162 | D:4      | Found a staircase to the Ecumenical Temple.
  3179 | Temple   | Entered the Ecumenical Temple
  3403 | Temple   | Became a worshipper of Warmaster Okawaru
  3641 | D:4      | Noticed Sigmund
  3660 | D:4      | Killed Sigmund
  3670 | D:4      | Found a runed translucent door.
  3670 | D:4      | Noticed asti's ghost (weakling MiBe)
  3809 | D:4      | Found a stormy altar of Qazlal.
  3816 | D:4      | Noticed Natasha
  3822 | D:4      | Killed Natasha
  4109 | D:4      | Killed asti's ghost
  4110 | D:4      | Reached XP level 8. HP: 43/51 MP: 8/8
  4132 | D:5      | Entered Level 5 of the Dungeon
  4368 | D:5      | Noticed Prince Ribbit
  4393 | D:5      | Killed Prince Ribbit
  4393 | D:5      | Reached * piety under Okawaru
  4394 | D:5      | Reached skill level 5 in Maces & Flails
  4412 | D:5      | Found a sparkling altar of Nemelex Xobeh.
  4420 | D:5      | Found a burning altar of Makhleb.
  4423 | D:5      | Found a shadowy altar of Dithmenos.
  4426 | D:5      | Found a basalt altar of Yredelemnul.
  4426 | D:5      | Noticed Blork the orc
  4437 | D:5      | Killed Blork the orc
  4461 | D:5      | Found Jateczay's Book Boutique.
  4537 | D:5      | Found Zioneud's Antique Armour Shop.
  4586 | D:5      | Found Siecir's Magic Scroll Boutique.
  4589 | D:5      | Bought a scroll of enchant weapon for 97 gold pieces
  4599 | D:5      | Found Jeliphuf's Jewellery Shoppe.
  4626 | D:5      | Found a bloodstained altar of Trog.
  4628 | D:5      | Noticed Ijyb
  4649 | D:5      | Killed Ijyb
  4962 | D:5      | Reached ** piety under Okawaru
  5117 | D:6      | Reached XP level 9. HP: 57/57 MP: 9/9
  5755 | D:6      | Found a sacrificial altar of Ru.
  6080 | D:6      | Reached *** piety under Okawaru
  6143 | D:7      | Identified the +3 leather armour "Cuekk" {rCorr Int+4}
  6222 | D:7      | Got Vefe's Compilation of Dynamic Charms
  6399 | D:7      | Reached XP level 10. HP: 62/64 MP: 10/10
  6842 | D:8      | Found an opulent altar of Gozag.
  6843 | D:8      | Found a glowing golden altar of the Shining One.
  7118 | D:8      | Reached **** piety under Okawaru
  7218 | D:8      | Found a staircase to the Lair.
  7564 | D:8      | Found Bennih's Gadget Gallery.
  8202 | D:9      | Reached ***** piety under Okawaru
  8611 | D:9      | Found a glowing silver altar of Zin.
  8739 | D:10     | Entered Level 10 of the Dungeon
  8779 | D:10     | Noticed an orc high priest
  8779 | D:10     | Noticed a tengu warrior
  8782 | D:10     | Noticed a seven-headed hydra
  8958 | D:10     | Reached XP level 11. HP: 72/72 MP: 11/11
  8995 | D:10     | Noticed Maurice
  9017 | D:10     | Killed Maurice
  9018 | D:10     | Found an ornate altar of the Wu Jian Council.
  9170 | D:10     | Found a transporter.
  9172 | D:10     | Noticed a centaur warrior
  9174 | D:10     | Noticed a manticore
  9338 | D:10     | Found a transporter.
  9338 | D:10     | Noticed a skeletal warrior
  9606 | Lair:1   | Entered Level 1 of the Lair of Beasts
  9732 | Lair:1   | Reached skill level 10 in Shields
  9747 | Lair:1   | Reached skill level 10 in Fighting
  9788 | Lair:1   | Reached skill level 10 in Armour
 10143 | Lair:1   | Noticed Fannar
 10191 | Lair:1   | Killed Fannar
 10293 | Lair:1   | Identified the +2 dire flail "Tedifael" {flame, Will+ Int+2
                  | SInv} (Okawaru gifted it to you on level 1 of the Lair of
                  | Beasts)
 10293 | Lair:1   | Received a gift from Okawaru
 10580 | Lair:2   | Noticed a catoblepas
 10617 | Lair:1   | Killed a catoblepas
 10625 | Lair:2   | Noticed bmack86's ghost (journeyman MiFi)
 11084 | Lair:2   | Reached ****** piety under Okawaru
 11085 | Lair:2   | Reached XP level 12. HP: 46/79 MP: 12/12
 11218 | Lair:2   | Noticed a minotaur
 11234 | Lair:2   | Found a runed translucent gate.
 11234 | Lair:2   | Found a runed translucent gate.
 11234 | Lair:2   | Found a runed translucent gate.
 11383 | Lair:2   | Reached skill level 10 in Maces & Flails
 11396 | Lair:2   | Identified the +1 pair of gloves of Okawaru's Wrath {Str+2
                  | Stlth+} (Okawaru gifted it to you on level 2 of the Lair of
                  | Beasts)
 11396 | Lair:2   | Received a gift from Okawaru
 11647 | Lair:2   | Found a staircase to the Shoals.
 12037 | Lair:3   | Noticed Rupert
 12098 | Lair:2   | Demolished by Rupert

Illustrated notes

Levels and vault maps discovered:
D:1:      lightli_arrival_chessboard, layout_loops_ring, serial_forest,
          infiniplex_forest_straight_2, infiniplex_forest_end_3,
          infiniplex_forest_straight_2, infiniplex_forest_end_1,
          infiniplex_forest_clump_small, infiniplex_forest_straight_4,
          infiniplex_forest_lined_3, infiniplex_forest_clump_large,
          infiniplex_forest_clump_double, infiniplex_forest_straight_2
D:2:      layout_basic, serial_undead, serial_undead_e, serial_undead_f,
          serial_undead_f, serial_undead_b, serial_undead_f, serial_undead_a,
          serial_undead_b, serial_undead_a, serial_undead_f, serial_undead_d
D:3:      layout_loops_ring, nicolae_overflow_ecumenical_swirl,
          pf_just_have_faith, gammafunk_ghost_gnarly_gnolls, uniq_jessica
D:4:      layout_basic, nicolae_qazlal_general_emergency,
          minmay_temple_entry_arrows, gammafunk_ghost_grave,
          minmay_fractal_squares_gapless_5, uniq_sigmund, uniq_natasha
D:5:      layout_basic, grunt_temple_overflow_cloverleaf, trog_hazing_becter,
          serial_shops, shop, shop, nicolae_shop_advertising_works
          [nicolae_subvault_shop_adworks], kennysheep_mini_moat,
          uniq_blork_the_orc, uniq_ijyb, uniq_prince_ribbit1
D:6:      layout_loops_cross, nicolae_ru_path_of_blood, serial_bayou_pond_b,
          grunt_ministairs_10, kennysheep_generic_room_5
D:7:      layout_loops_ring
D:8:      layout_basic, nicolae_overflow_squiral, erik_lair_dragon,
          nicolae_shop_gadgets
D:9:      layout_irregular_city, zin_treasury, dk_noncrumbling_3, eino_curves_02
D:10:     gammafunk_the_bubble [the_bubble_gammafunk_split], layout_loops_ring,
          nicolae_wu_jian_wuxing_cycle, uniq_maurice
Temple:   jpeg_temple_island
Lair:1:   layout_roguey [special_room_bee], uniq_fannar
Lair:2:   layout_cave_pods, elwin_shoals_entry_stream,
          maelrawn_ghost_gauntlet_escape
Lair:3:   layout_cave_pods, guppyfry_snake_entry_island,
          ebering_ghost_inner_flame, uniq_rupert

Skill      XL: |  1  2  3  4  5  6  7  8  9 10 11 12 |
---------------+-------------------------------------+-----
Fighting       | 4 5 7 8 9 10 11 | 11.5
Armour         | 4 5 6 8 9 10 11 | 11.5
Shields        | 4 5 7 8 9 11 | 11.6
Maces & Flails | 3 4 5 7 8 9 10 | 10.3

Action                     |  1- 3 |  4- 6 |  7- 9 | 10-12 || total
---------------------------+-------+-------+-------+-------++-------
  Melee: Flail             |   103 |   192 |   523 |  1288 ||  2106
  Throw: Throwing net      |       |       |       |     2 ||     2
         Dart              |       |       |       |     1 ||     1
 Invoke: Heroism           |       |       |       |     6 ||     6
         Finesse           |       |       |       |     1 ||     1
    Use: Potion            |       |     1 |       |    10 ||    11
         Scroll            |       |     6 |     3 |     3 ||    12
 Armour: Scale mail        |    89 |    88 |       |       ||   177
         Ring mail         |       |    10 |   115 |       ||   125
         Plate armour      |       |       |   212 |   765 ||   977
         Chain mail        |       |       |       |    13 ||    13
  Dodge: Dodged            |    61 |    85 |   247 |   637 ||  1030
  Block: Buckler           |    23 |    30 |       |       ||    53
         Kite shield       |       |    18 |   340 |   980 ||  1338

Table legend: (Time is in decaauts)
 A = Elapsed time spent in this place.
 B = Non-inter-level travel time spent in this place.
 C = Inter-level travel time spent in this place.
 D = Time resting spent in this place.
 E = Time spent auto-exploring this place.
 F = Levels seen in this place.
 G = Mean time per level.
                   A        B        C        D        E       F      G
               +--------+--------+--------+--------+--------+-----+--------+
         Total |  12481 |  11923 |    558 |    417 |   7646 |  14 |  891.5 |
       Dungeon |   9691 |   9205 |    486 |    353 |   6088 |  10 |  969.1 |
        Temple |    285 |    247 |     38 |      0 |    240 |   1 |  285.0 |
          Lair |   2505 |   2471 |     34 |     64 |   1318 |   3 |  835.0 |
               +--------+--------+--------+--------+--------+-----+--------+

Top non-repeatable levels by time:
  Lair:2: 1451 daAuts
     D:3: 1334 daAuts
     D:8: 1111 daAuts
     D:6: 1060 daAuts
  Lair:1: 1052 daAuts
     D:9: 965 daAuts
     D:2: 917 daAuts
     D:4: 896 daAuts
     D:5: 877 daAuts
     D:1: 874 daAuts
     D:7: 849 daAuts
    D:10: 804 daAuts
  Temple: 285 daAuts
  Lair:3: 1 daAuts
